 Dungeon Crawl Stone Soup version 0.24.0-13-gcf9b3192b9 (webtiles) character file.

Game seed: 14495645726316677881, levelgen mode: deterministic

40411 Johnny the Fencer (level 13, -6/122 HPs)
             Began as a Troll Berserker on Nov 5, 2019.
             Was a High Priest of Trog.
             Shot with an arrow by a centaur warrior (18 damage)
             ... on level 14 of the Dungeon.
             The game lasted 00:18:23 (13016 turns).

Johnny the Fencer (Troll Berserker)                Turns: 13016, Time: 00:18:24

Health: -6/122     AC:  8    Str: 32    XL:     13   Next: 74%
Magic:  12/12      EV: 12    Int:  3    God:    Trog [*****.]
Gold:   656        SH:  0    Dex: 12    Spells: 12/12 levels left

rFire    + . .     SeeInvis .   A - +6 great sword (venom)
rCold    . . .     Gourm    +   (shield currently unavailable)
rNeg     . . .     Faith    .   y - +0 troll leather armour
rPois    .         Spirit   .   (helmet restricted)
rElec    .         Reflect  .   T - scarf {repulsion}
rCorr    .         Harm     .   (gloves unavailable)
MR       .....                  (boots unavailable)
Stlth    +.........             G - amulet of the acrobat
HPRegen  1.10/turn              m - ring of protection from fire
MPRegen  0.13/turn              E - +3 ring of dexterity

@: repel missiles
A: large, unfitting armour, claws 3, fast metabolism 3, gourmand, regeneration
1, shaggy fur 1, tough skin 3
a: Berserk, Trog's Hand, Brothers in Arms, Renounce Religion


You were on level 14 of the Dungeon.
You worshipped Trog.
Trog was extremely pleased with you.
You were hungry.

You visited 1 branch of the dungeon, and saw 15 of its levels.
You also visited: Sewer.

You collected 761 gold pieces.
You spent 105 gold pieces at shops.

Inventory:

Hand Weapons
 k - the +3 giant club "Skullcrusher" {speed, Str+7}
   (You found it on level 13 of the Dungeon)

   Attacks with this weapon are significantly faster.
   It affects your strength (+7).
 A - a +6 great sword of venom (weapon)
 L - a +3 great sword of electrocution
 M - a +3 antimagic triple sword
 Q - the +7 lajatang of the Scroll {slice, rElec Dex+4 Stlth+, unknown}
   (Trog gifted it to you on level 13 of the Dungeon)

   It inflicts extra damage upon your enemies.
   It affects your dexterity (+4).
   It insulates you from electricity.
   It makes you more stealthy.
Missiles
 N - 10 large rocks (quivered)
Armour
 y - a +0 troll leather armour (worn)
 T - a scarf of repulsion (worn)
Jewellery
 m - a ring of protection from fire (left claw)
 E - a +3 ring of dexterity (right claw)
 G - an amulet of the acrobat (around neck)
Wands
 a - a wand of disintegration (11)
 q - a wand of random effects (30)
 I - a wand of paralysis (5)
 J - a wand of polymorph (3)
Scrolls
 b - a scroll of amnesia {unknown}
 d - 3 scrolls of teleportation
 f - 4 scrolls of blinking
 g - a scroll of immolation
 h - 5 scrolls of remove curse
 l - 5 scrolls of fog
 s - 3 scrolls of magic mapping
 u - a scroll of fear
 D - a scroll of silence
 F - a scroll of summoning
 H - a scroll of enchant armour
 K - a scroll of holy word
 O - a scroll of noise {unknown}
 P - a scroll of torment {unknown}
 S - a scroll of identify
Potions
 e - 2 potions of might {unknown}
 i - a potion of heal wounds
 j - 6 potions of curing
 n - a potion of flight {unknown}
 o - a potion of haste
 p - 2 potions of lignification
 r - a potion of agility {unknown}
 t - a potion of magic {unknown}
 v - a potion of resistance {unknown}
 w - 3 potions of berserk rage {unknown}
 x - 2 potions of degeneration {unknown}
 z - a potion of cancellation {unknown}
 B - a potion of brilliance {unknown}
 C - 2 potions of ambrosia {unknown}
 R - a potion of mutation {unknown}
Comestibles
 c - 21 rations


   Skills:
 - Level 6.5 Fighting
 - Level 17.0 Long Blades
 + Level 4.2 Maces & Flails
 - Level 6.5 Dodging


You had 12 spell levels left.
You didn't know any spells.
Your spell library contained the following spells:

 Spells                   Type           Power        Failure   Level  Hunger
 Confusing Touch          Hex            #.....       56%         1    ##.....
 Flame Tongue             Conj/Fire      #....        56%         1    ##.....
 Sting                    Conj/Pois      #...         56%         1    ##.....
 Corpse Rot               Necr           N/A          71%         2    ###....
 Poisonous Vapours        Pois/Air       #.....       71%         2    ###....
 Throw Flame              Conj/Fire      #.....       71%         2    ###....
 Confuse                  Hex            #.......     90%         3    ####...
 Conjure Flame            Conj/Fire      #.......     90%         3    ####...
 Gell's Gravitas          Tloc           #.........   90%         3    ####...
 Inner Flame              Hex/Fire       #.......     90%         3    ####...
 Mephitic Cloud           Conj/Pois/Air  #.......     90%         3    ####...
 Stone Arrow              Conj/Erth      #.....       90%         3    ####...
 Leda's Liquefaction      Hex/Erth       #.........   100%        4    #####..
 Olgreb's Toxic Radiance  Pois           #.......     100%        4    #####..
 Petrify                  Tmut/Erth      #.......     100%        4    #####..
 Sticky Flame             Conj/Fire      #.......     100%        4    #####..
 Fireball                 Conj/Fire      #.........   100%        5    ######.
 Metabolic Englaciation   Hex/Ice        #.........   100%        5    ######.
 Summon Forest            Summ/Tloc      #.........   100%        5    ######.
 Venom Bolt               Conj/Pois      #.........   100%        5    ######.
 Yara's Violent Unravell  Hex/Tmut       #.........   100%        5    ######.
 Hydra Form               Tmut           #.........   100%        6    #######
 Summon Hydra             Summ           #.........   100%        7    #######


Dungeon Overview and Level Annotations

Branches:
Dungeon (15/15)            Temple (0/1) D:6            Lair (0/6) D:11
    Orc (0/2) D:11         Vaults (0/5) D:13         Depths (0/5) D:15
  Sewer (visited)

Altars:
Ashenzari
Dithmenos
Makhleb
Okawaru
Trog
Vehumet
Wu Jian
Zin

Shops:
D:4 ?   D:15 :*}}


Innate Abilities, Weirdness & Mutations

You are too large for most types of armour.
You have claws for hands.
Your metabolism is lightning-fast.
You like to eat raw meat.
Your natural rate of healing is unusually fast.
You are covered in fur. (AC +1)
You have extremely tough skin. (AC +3)


Message History

Aiming: Polymorph
Press: ? - help, Shift-Dir - straight line, f - centaur warrior
Aim: a centaur warrior, wielding a +0 longbow (chance to defeat MR: 28%)
The centaur warrior easily resists.
The centaur warrior shoots an arrow.
The arrow hits you!!
Evoke which item? (* to show all) (? for menu, Esc to quit)
Aiming: Polymorph
Press: ? - help, Shift-Dir - straight line, f/p - centaur warrior
Aim: a centaur warrior, wielding a +0 longbow (chance to defeat MR: 28%)
The centaur warrior easily resists.
The centaur warrior shoots an arrow.
The arrow hits you!
Evoke which item? (* to show all) (? for menu, Esc to quit)
Aiming: Polymorph
Press: ? - help, Shift-Dir - straight line, f/p - centaur warrior
Aim: a centaur warrior, wielding a +0 longbow (chance to defeat MR: 28%)
The centaur warrior easily resists.
The centaur warrior shoots an arrow.
The arrow hits you!!
* * * LOW HITPOINT WARNING * * *
The centaur warrior shoots an arrow.
The arrow hits you!!
You die...

.. # #. #.#.
#.#. #c.. #...
#...##########
#...ยง@.......#
##..########.#
..... #)#
####.. #.# #?.
## #.# #.. $..
#.# ##. ##.#
#.. #. ...##.##
#..#.#


You could see a centaur warrior.

Vanquished Creatures
  Louise (D:15)
  2 dancing weapons (D:13)
  A catoblepas (D:14)
  2 two-headed ogres (D:10)
  6 skeletal warriors
  A wizard (D:14)
  2 unseen horrors (D:14)
  The ghost of Jannitor the Shield-Bearer, a novice GrFi of Zin (D:8)
  An orc knight (D:13)
  Pikel (D:5)
  13 ugly things
  A deep elf mage (D:13)
  A manticore (D:11)
  2 cyclopes (D:11)
  2 gargoyles
  2 kobold demonologists (D:11)
  A komodo dragon (D:11)
  A freezing wraith (D:15)
  5 trolls
  Grinder (D:5)
  3 hippogriffs
  Sigmund (D:3)
  17 flying skulls (D:13)
  A shadow (D:13)
  2 wyverns
  26 yaks
  2 hungry ghosts
  4 vampire mosquitoes (D:13)
  Edmund (D:6)
  Duvessa (D:6)
  A water moccasin (D:5)
  A hornet zombie (D:11)
  8 orc warriors
  8 sky beasts
  3 black bears
  2 eyes of draining (D:11)
  13 ogres
  3 phantoms
  3 necrophages
  5 ice beasts
  2 wolves (D:11)
  6 centaurs
  A crocodile (D:13)
  13 big kobolds
  6 bullfrogs
  Dowan (D:6)
  4 gnoll sergeants (D:11)
  2 scorpions
  3 wights (D:6)
  5 howler monkeys
  5 crimson imps
  A bullfrog zombie (D:10)
  4 centaur zombies
  A quasit (D:11)
  3 centaur skeletons
  7 hounds
  5 jellies
  A gnoll shaman (D:5)
  7 orc wizards
  9 orc priests
  A bullfrog skeleton (D:11)
  Ijyb (D:5)
  3 iguanas
  12 worker ants
  2 hound zombies
  20 gnolls
  12 adders
  A river rat (Sewer)
  2 shadow imps (D:10)
  2 oozes
  An adder zombie (D:6)
  2 adder skeletons
  6 dart slugs
  A worm (D:3)
  7 leopard geckos
  45 orcs
  5 giant cockroaches
  9 hobgoblins
  19 jackals
  10 kobolds
  4 quokkas
  7 ball pythons
  4 bats
  11 frilled lizards
  5 goblins
  A jackal skeleton (D:4)
  A leopard gecko zombie (D:4)
  A quokka skeleton (D:2)
  A quokka zombie (D:5)
  11 rats
445 creatures vanquished.

Vanquished Creatures (collateral kills)
  3 skeletal warriors (D:15)
  A flayed ghost (D:15)
  A necromancer (D:15)
  2 ugly things (D:15)
  3 orc warriors (D:13)
  An ogre (D:13)
  A bullfrog (D:15)
  3 orc priests (D:13)
  9 orcs (D:13)
24 creatures vanquished.

Vanquished Creatures (others)
  A slave (D:5)
  A crimson imp (D:5)
  A centaur skeleton (D:5)
  A jackal zombie (D:5)
  A fungus (D:8)
  A plant (D:8)
  A withered plant (D:15)
7 creatures vanquished.

Grand Total: 476 creatures vanquished

Notes
Turn   | Place    | Note
-------+----------+-------------------------------------------
     0 | D:1      | Johnny the Troll Berserker began the quest for the Orb.
     0 | D:1      | Reached XP level 1. HP: 22/22 MP: 0/0
   216 | D:1      | Reached XP level 2. HP: 29/29 MP: 1/1
   483 | D:1      | Reached skill level 3 in Long Blades
   633 | D:1      | Reached XP level 3. HP: 33/36 MP: 2/2
   828 | D:2      | Noticed an ogre
   837 | D:2      | Killed an ogre
   837 | D:2      | Reached XP level 4. HP: 45/45 MP: 3/3
   901 | D:2      | Found a glowing silver altar of Zin.
   968 | D:2      | Reached ** piety under Trog
  1029 | D:2      | Found an iron altar of Okawaru.
  1096 | D:2      | Reached XP level 5. HP: 51/53 MP: 4/4
  1161 | D:2      | Found a burning altar of Makhleb.
  1367 | D:2      | Reached skill level 4 in Long Blades
  1915 | D:3      | Reached XP level 6. HP: 61/61 MP: 5/5
  2049 | D:3      | Reached *** piety under Trog
  2261 | D:3      | Found a glowing drain.
  2299 | D:3      | Noticed Sigmund
  2312 | D:3      | Killed Sigmund
  2360 | Sewer    | Entered a sewer
  3045 | D:4      | Reached skill level 5 in Long Blades
  3045 | D:4      | Reached XP level 7. HP: 68/68 MP: 6/6
  3063 | D:4      | Reached **** piety under Trog
  3203 | D:4      | Found Avvef's Magic Scroll Boutique.
  3220 | D:4      | Bought a scroll of identify for 20 gold pieces
  3220 | D:4      | Bought a scroll of identify for 20 gold pieces
  3220 | D:4      | Bought a scroll of fear for 35 gold pieces
  3483 | D:4      | Found a shadowy altar of Dithmenos.
  3864 | D:4      | Bought a scroll of remove curse for 30 gold pieces
  3882 | D:5      | Entered Level 5 of the Dungeon
  3908 | D:5      | Noticed Pikel
  3947 | D:5      | Killed Pikel
  3947 | D:5      | Reached skill level 6 in Long Blades
  3947 | D:5      | Reached XP level 8. HP: 30/79 MP: 7/7
  4084 | D:5      | Reached skill level 5 in Fighting
  4084 | D:5      | Reached skill level 5 in Dodging
  4186 | D:5      | Found a shattered altar of Ashenzari.
  4451 | D:5      | Noticed Grinder
  4469 | D:5      | Reached skill level 7 in Long Blades
  4492 | D:5      | Paralysed by Grinder for 5 turns
  4503 | D:5      | Paralysed by Grinder for 6 turns
  4513 | D:5      | Killed Grinder
  4513 | D:5      | Reached ***** piety under Trog
  4718 | D:5      | Noticed Ijyb
  4728 | D:5      | Paralysed by Ijyb for 2 turns
  4731 | D:5      | Killed Ijyb
  4783 | D:5      | Found a bloodstained altar of Trog.
  4846 | D:5      | Reached XP level 9. HP: 76/88 MP: 8/8
  5037 | D:6      | Noticed Duvessa
  5044 | D:6      | Noticed Dowan
  5055 | D:6      | Killed Duvessa
  5150 | D:6      | Killed Dowan
  5271 | D:6      | Reached skill level 8 in Long Blades
  5590 | D:6      | Noticed Edmund
  5604 | D:6      | Killed Edmund
  5738 | D:6      | Found a staircase to the Ecumenical Temple.
  6327 | D:7      | Received a gift from Trog
  6394 | D:7      | Found a radiant altar of Vehumet.
  6591 | D:7      | Reached skill level 9 in Long Blades
  6643 | D:7      | Reached XP level 10. HP: 100/100 MP: 9/9
  7042 | D:8      | Noticed a gargoyle
  7361 | D:8      | Killed a gargoyle
  7714 | D:8      | Found a runed translucent gate.
  7714 | D:8      | Found a runed translucent gate.
  7714 | D:8      | Found a runed translucent gate.
  7716 | D:8      | Noticed Jannitor's ghost (novice GrFi)
  7725 | D:8      | Identified the +5 dagger "Uwkoikli" {pain, Int+3}
  7745 | D:8      | Killed Jannitor's ghost
  7745 | D:8      | Reached skill level 10 in Long Blades
  8162 | D:9      | Found an ornate altar of the Wu Jian Council.
  8194 | D:9      | Noticed a white ugly thing
  8228 | D:9      | Killed a white ugly thing
  8391 | D:10     | Entered Level 10 of the Dungeon
  8397 | D:10     | Reached skill level 11 in Long Blades
  8654 | D:10     | Noticed a two-headed ogre
  8673 | D:10     | Killed a two-headed ogre
  8673 | D:10     | Reached XP level 11. HP: 98/107 MP: 10/10
  8806 | D:10     | Noticed a two-headed ogre
  8813 | D:10     | Killed a two-headed ogre
  8819 | D:10     | Reached skill level 12 in Long Blades
  9465 | D:11     | Noticed a brown ugly thing
  9478 | D:11     | Received a gift from Trog
  9775 | D:11     | Reached skill level 13 in Long Blades
  9892 | D:11     | Noticed a white ugly thing
  9900 | D:11     | Killed a white ugly thing
 10314 | D:11     | Found a staircase to the Lair.
 10394 | D:11     | Noticed a purple ugly thing
 10405 | D:11     | Killed a purple ugly thing
 10434 | D:11     | Found a staircase to the Orcish Mines.
 10443 | D:11     | Reached XP level 12. HP: 102/115 MP: 11/11
 10504 | D:11     | Reached skill level 14 in Long Blades
 10841 | D:12     | You fall into a shaft and drop 1 floor!
 10877 | D:13     | Received a gift from Trog
 11050 | D:13     | Reached skill level 15 in Long Blades
 11296 | D:13     | You fall into a shaft and drop 2 floors!
 11296 | D:15     | Entered Level 15 of the Dungeon
 11296 | D:15     | Found Duthrik's Book Emporium.
 11300 | D:15     | Found Nevugiph's Assorted Antiques.
 11323 | D:15     | Reached ****** piety under Trog
 11437 | D:15     | Found Roere's Gadget Boutique.
 11442 | D:15     | Noticed Louise
 11459 | D:15     | Killed Louise
 11566 | D:15     | Reached XP level 13. HP: 122/122 MP: 5/12
 11572 | D:15     | Found a staircase to the Depths.
 11599 | D:15     | Found Unoppot's Gadget Shoppe.
 11603 | D:15     | Reached skill level 16 in Long Blades
 11885 | D:13     | Found a gate to the Vaults.
 12210 | D:13     | Received a gift from Trog
 12214 | D:13     | Got a faintly glowing lajatang {god gift}
 12225 | D:13     | Found the +3 giant club "Skullcrusher" {speed, Str+7}
 12379 | D:13     | Reached skill level 17 in Long Blades
 12866 | D:14     | Reached skill level 1 in Maces & Flails
 13016 | D:14     | Shot with an arrow by a centaur warrior

Levels and vault maps discovered:
D:1:      saegor_arrival_simple_d, layout_loops_corners, minmay_misc_feat_plants
D:2:      layout_basic, overflow_temple_1_default, overflow_temple_1_default,
          makhleb_blood_cavern_becter
D:3:      layout_basic, portal_sewer_entry_e, uniq_sigmund
D:4:      layout_gridville, overflow_temple_1_default, serial_shops,
          nicolae_shop_waterfront, corexii_corridor_pit
D:5:      layout_rooms, nicolae_ashenzari_panopticon, lightli_temple_of_fire,
          first_ration, nrook_uturn, kennysheep_flooded_box,
          kennysheep_generic_room_7, uniq_pikel, uniq_grinder, uniq_ijyb
D:6:      layout_basic, minmay_temple_entry_butterflies, uniq_duvessa,
          uniq_edmund
D:7:      layout_basic, lemuel_coloured_pillars_altar
D:8:      layout_loops_cross, gammafunk_ghost_nasty_kobolds
D:9:      layout_basic, kennysheep_mini
D:10:     layout_stronghold
D:11:     kennysheep_six_static_rooms, layout_basic, erik_lair_island,
          kennysheep_orc_monster_closet_entryway
D:12:     kennysheep_bubbly, layout_basic, hangedman_ranch
          [blue_anna_fruit_fields]
D:13:     layout_loops_ring, erik_vaults_1, special_room [special_room_orc],
          chequers_serial_rivers_room_b, minmay_guarded_unrand_skullcrusher
D:14:     layout_loops_ring, chequers_decorated_corner, doesnt_xom_only_xom
D:15:     gammafunk_depths_entry_grave, layout_rooms,
          ebering_dispersal_statue_hall, serial_shops, nicolae_shop_waterfront,
          nicolae_shop_window_shopping, shop_statue, shop, uniq_louise

Skill      XL: |  1  2  3  4  5  6  7  8  9 10 11 12 13 |
---------------+----------------------------------------+-----
Long Blades    | 3 4 5 6 7 9 11 13 15 17 | 17.0
Fighting       | 3 4 5 6 |  6.5
Dodging        | 3 4 5 6 |  6.5
Maces & Flails | 4 |  4.2

Action                   |  1- 3 |  4- 6 |  7- 9 | 10-12 | 13-15 || total
-------------------------+-------+-------+-------+-------+-------++-------
Melee: Falchion          |    63 |    63 |     5 |       |       ||   131
       Dagger            |       |   162 |   524 |       |       ||   686
       Great sword       |       |       |    28 |   482 |   215 ||   725
       Triple sword      |       |       |       |     5 |       ||     5
Invok: Berserk           |     1 |     3 |     4 |     9 |     3 ||    20
       Brothers in Arms  |       |       |       |     2 |     1 ||     3
       Trog's Hand       |       |       |       |     1 |       ||     1
Evoke: Wand              |       |       |     2 |     5 |    11 ||    18
  Use: Scroll            |       |       |    12 |     7 |     7 ||    26
       Potion            |       |       |     1 |     1 |     5 ||     7
 Stab: Sleeping          |       |     2 |       |       |       ||     2
       Paralysed         |       |       |       |     1 |       ||     1
  Eat: Chunk             |    12 |    16 |    47 |    53 |    15 ||   143
       Ration            |       |     1 |       |       |       ||     1
Armor: Animal skin       |    32 |    65 |   153 |    33 |       ||   283
       Skin              |       |       |    18 |       |       ||    18
       Troll leather arm |       |       |       |    90 |    52 ||   142
Dodge: Dodged            |    36 |   109 |   221 |   303 |    97 ||   766
       Deflected         |       |       |       |       |     2 ||     2
       Rpst.: Falchion   |    13 |    11 |       |       |       ||    24
       Great sword       |       |       |     4 |    85 |    27 ||   116
       Triple sword      |       |       |       |     1 |       ||     1
